Map: Paladino Terminal LE

Players

Musumeci - Winner!

  • Race: Zerg Zerg
  • League: Diamond
  • Spawn Location: 5:00

badmad

  • Race: Zerg Zerg
  • League: Diamond
  • Spawn Location: 9:00

VOD

Have the link to the VOD?

Description

Time

  • Played on: March 15, 2017, 1:19 p.m.
  • Length: 7:45
Show
View Real Time Build Order
Export as new Build Order

Musumeci Zerg - Winner!

Build Orders: Pool First, Zergling Baneling 

Get SALT Encoding   

  12  0:01  Drone  
  13  0:08  Drone  
  14  0:17  Overlord  
  14  0:23  Extractor  
  14  0:24  Drone  
  15  0:36  Drone x2  
  17  0:42  Extractor  
  16  0:54  Spawning Pool  
  16  0:56  Drone  
  16  1:07  Evolution Chamber  
  15  1:12  Drone  
  17  1:48  Queen  
  17  1:49  Zergling x2  
  17  1:52  Hatchery  
  19  1:54  Metabolic Boost  
  19  1:59  Zergling x2  
  20  2:04  Drone  
  21  2:09  Drone  
  22  2:19  Baneling Nest  
  22  2:21  Zergling x2  
  22  2:50  Overlord  
  22  3:03  Overlord  
  22  3:05  Queen  
  22  3:10  Zergling x6  
  22  3:11  Zergling x4  
  29  3:19  Baneling x5  
  29  3:23  Zergling x2  
  30  3:27  Zergling x2  
  27  3:55  Baneling x3  
  25  4:03  Zergling x14  
  30  4:21  Zergling x8  
  32  4:26  Zergling x4  
  34  4:40  Drone  
  34  4:41  Drone  
  34  4:53  Baneling x2  
  24  5:27  Zergling x4  
  24  5:28  Zergling x24  
  37  5:44  Drone x3, Roach Warren  
  36  6:15  Zergling x18  
  43  6:20  Overlord  
  30  6:42  Zergling x16  
  32  7:02  Drone  
  32  7:03  Drone x4  
  32  7:07  Extractor  
Show
View Real Time Build Order
Export as new Build Order

badmad Zerg 

Build Orders: Hatch First, Zergling Baneling 

Get SALT Encoding   

  12  0:01  Drone  
  13  0:09  Drone  
  14  0:37  Hatchery  
  14  0:39  Drone  
  14  0:56  Spawning Pool  
  13  0:59  Drone  
  14  1:04  Extractor  
  14  1:05  Drone  
  14  1:15  Overlord  
  14  1:19  Extractor  
  14  1:21  Drone  
  15  1:49  Queen  
  15  1:50  Zergling x6  
  15  1:52  Zergling x2  
  21  2:11  Baneling Nest  
  20  2:16  Zergling x4  
  20  2:22  Drone x2  
  24  2:40  Queen  
  24  2:41  Overlord  
  26  2:55  Zergling x2  
  27  2:58  Baneling x2  
  27  2:59  Baneling x3  
  27  3:04  Drone x2  
  29  3:10  Baneling  
  29  3:25  Roach Warren  
  23  4:03  Zergling x2  
  23  4:04  Zergling x6  
  27  4:10  Roach  
  27  4:11  Roach  
  31  4:21  Roach x2  
  31  4:23  Overlord  
  34  4:28  Overlord  
  34  4:31  Drone  
  34  4:33  Extractor  
  34  4:38  Baneling  
  34  4:39  Baneling  
  30  5:09  Roach x3  
  30  5:10  Roach x2  
  30  5:11  Baneling  
  32  5:24  Drone x2  
  34  5:38  Drone  
  34  5:40  Drone  
  36  5:46  Zergling x2  
  37  5:50  Zergling x2  
  37  5:51  Drone  
  39  5:58  Baneling  
  36  6:35  Overlord  
  36  6:36  Drone x2  
  36  6:37  Drone  
  36  6:38  Extractor  
  34  6:40  Drone  
  34  6:41  Drone  
  26  6:49  Drone  
  26  6:51  Baneling  
  23  6:58  Zergling x2  
  24  7:02  Baneling  
  24  7:04  Roach  
  25  7:17  Roach  
  26  7:26  Drone  
Tags
 
Add a new tag
Caveats
  • Supply blocks, unpowered buildings, or Contaminate may cause inaccurate times.
  • Supply counts are checked every 10 seconds.